Map: Romanticide LE

Players

ShoWTimE - Winner!

  • Race: Protoss Protoss
  • League: Grandmaster

GOStephano (Stephano)

  • Race: Zerg Zerg
  • League: Master

Event: DreamHack SC2 Masters 2021 Summer

VOD

Have the link to the VOD?

Description

Time

  • Played on: May 25, 2021, 1:20 p.m.
  • Length: 13:56

All games in this series

Show
View Real Time Build Order
Export as new Build Order

ShoWTimE Protoss - Winner!

Build Orders: 1 Gate Expand, Oracle Opening, Carriers, Zealot Archon 

Get SALT Encoding   

  12  0:00  Probe  
  13  0:12  Probe  
  14  0:18  Pylon  
  14  0:24  Probe (Chrono Boost)  
  15  0:37  Probe (Chrono Boost)  
  15  0:38  Gateway  
  16  0:45  Probe (Chrono Boost)  
  16  0:46  Assimilator  
  17  0:51  Probe  
  18  1:03  Probe  
  19  1:15  Probe  
  20  1:23  Nexus  
  20  1:32  Cybernetics Core  
  20  1:35  Probe  
  21  1:42  Assimilator  
  21  1:47  Probe  
  21  1:50  Pylon  
  22  1:59  Probe  
  23  2:06  Adept (Chrono Boost)  
  23  2:11  Probe  
  26  2:20  Stargate  
  26  2:24  Probe (Chrono Boost)  
  26  2:26  Adept (Chrono Boost)  
  29  2:33  Warp Gate  
  29  2:34  Probe (Chrono Boost)  
  31  2:41  Probe (Chrono Boost)  
  32  2:44  Probe (Chrono Boost)  
  32  2:48  Probe (Chrono Boost)  
  32  2:49  Probe (Chrono Boost), Adept  
  36  3:00  Probe  
  36  3:01  Probe  
  36  3:04  Oracle (Chrono Boost)  
  38  3:06  Pylon  
  38  3:12  Probe  
  42  3:13  Probe  
  42  3:18  Adept  
  45  3:24  Probe  
  45  3:25  Probe  
  47  3:28  Gateway  
  47  3:35  Oracle (Chrono Boost)  
  47  3:36  Probe  
  47  3:37  Probe  
  52  3:43  Pylon  
  53  3:48  Probe  
  53  3:49  Probe  
  54  3:59  Nexus  
  54  4:01  Probe  
  55  4:03  Probe  
  55  4:06  Oracle (Chrono Boost)  
  59  4:11  Pylon  
  59  4:13  Probe  
  59  4:16  Probe, Assimilator  
  61  4:18  Assimilator  
  61  4:25  Probe  
  61  4:27  Robotics Facility  
  61  4:29  Probe  
  63  4:31  Adept  
  63  4:34  Adept  
  63  4:38  Probe  
  68  4:40  Pylon  
  68  4:41  Probe  
  67  4:50  Probe  
  68  4:54  Probe  
  68  4:55  Forge  
  68  4:57  Gateway  
  68  4:59  Sentry x2  
  73  5:04  Shield Battery  
  73  5:05  Probe (Chrono Boost)  
  73  5:06  Probe (Chrono Boost)  
  76  5:15  Probe (Chrono Boost)  
  76  5:18  Probe (Chrono Boost)  
  76  5:20  Probe (Chrono Boost), Observer  
  79  5:21  Twilight Council  
  79  5:24  Gateway  
  79  5:25  Probe (Chrono Boost)  
  79  5:27  Assimilator  
  81  5:30  Probe (Chrono Boost), Assimilator  
  81  5:31  Probe (Chrono Boost)  
  81  5:34  Probe (Chrono Boost), Protoss Ground Weapons Level 1 (Chrono Boost)  
  83  5:35  Pylon  
  83  5:37  Probe (Chrono Boost)  
  86  5:44  Probe x2 (Chrono Boost), Phoenix x2  
  86  5:49  Probe (Chrono Boost)  
  81  5:50  Probe (Chrono Boost)  
  81  5:52  Probe (Chrono Boost)  
  83  5:57  Charge  
  83  5:58  Probe x2, Gateway  
  83  5:59  Templar Archives  
  83  6:00  Gateway  
  83  6:01  Immortal (Chrono Boost)  
  83  6:02  Probe  
  90  6:09  Sentry  
  90  6:10  Gateway  
  92  6:12  Gateway  
  92  6:15  Gateway  
  92  6:20  Zealot  
  92  6:22  Gateway  
  92  6:25  Zealot x2  
  98  6:28  Pylon  
  98  6:31  Photon Cannon  
  98  6:43  Nexus  
  98  6:45  Pylon, Immortal (Chrono Boost)  
  98  6:50  Probe x2  
  98  6:51  Probe  
  105  6:58  High Templar x2  
  109  7:02  Pylon  
  109  7:03  Probe x2, Archon, Pylon  
  109  7:04  High Templar x2  
  109  7:07  Psionic Storm  
  115  7:10  Archon  
  115  7:15  Photon Cannon  
  115  7:16  Probe x2, Pylon  
  115  7:17  Photon Cannon  
  115  7:20  Probe  
  115  7:22  Warp Prism (Chrono Boost)  
  118  7:28  Probe, High Templar x2  
  125  7:31  Probe, Shield Battery  
  125  7:34  Probe  
  127  7:39  High Templar x2  
  127  7:40  Probe  
  127  7:43  Probe  
  133  7:45  Protoss Ground Weapons Level 2 (Chrono Boost), Assimilator  
  133  7:46  Probe  
  133  7:49  Assimilator  
  134  7:55  Photon Cannon  
  134  7:56  Shield Battery  
  134  7:57  Zealot  
  136  8:02  Fleet Beacon  
  136  8:22  Protoss Air Weapons Level 1 (Chrono Boost)  
  136  8:26  Photon Cannon  
  136  8:27  Photon Cannon, Stargate x2  
  136  8:28  Shield Battery  
  136  8:33  Immortal (Chrono Boost)  
  134  8:35  Photon Cannon  
  134  8:36  Pylon  
  134  8:37  Pylon  
  134  8:40  Photon Cannon  
  138  8:42  Photon Cannon  
  138  8:44  Zealot x3  
  138  8:45  Zealot x2, Pylon  
  154  8:52  Carrier (Chrono Boost)  
  154  9:09  Carrier x2 (Chrono Boost), Pylon  
  154  9:15  Nexus  
  154  9:16  Pylon  
  166  9:19  Pylon  
  166  9:21  Pylon  
  166  9:23  Pylon  
  164  9:44  Photon Cannon  
  166  9:53  Carrier (Chrono Boost)  
  166  9:54  Photon Cannon  
  166  9:56  Carrier x2 (Chrono Boost)  
  166  9:59  Cybernetics Core  
  178  10:08  Photon Cannon  
  178  10:12  Protoss Shields Level 1, Shield Battery  
  178  10:13  High Templar, Assimilator  
  178  10:14  High Templar  
  178  10:15  Assimilator  
  178  10:16  Shield Battery  
  178  10:17  Protoss Air Weapons Level 2 (Chrono Boost)  
  178  10:19  Photon Cannon  
  178  10:22  Shield Battery  
  178  10:25  Photon Cannon, High Templar  
  178  10:26  High Templar  
  182  10:31  Archon  
  182  10:36  Immortal (Chrono Boost)  
  182  10:42  Pylon  
  186  10:52  Zealot x8, Protoss Air Armor Level 1 (Chrono Boost)  
  194  10:59  Carrier  
  194  11:02  Zealot x2  
  186  11:10  Observer (Chrono Boost)  
  177  11:17  Carrier x2  
  173  11:20  Probe x2  
  173  11:21  Probe x2  
  177  11:26  High Templar x2  
  177  11:32  Archon  
  181  11:39  Zealot x8  
  191  12:04  High Templar x3  
  197  12:08  Photon Cannon  
  197  12:31  Dark Shrine  
  191  12:46  High Templar x3  
  191  12:49  Zealot x6  
  189  13:19  Archon  
  187  13:21  Zealot x9  
  193  13:39  Archon  
  190  13:42  Zealot x3  
  190  13:43  Zealot x4  
Show
View Real Time Build Order
Export as new Build Order

GOStephano Zerg 

Build Orders: Hatch First, Lurkers 

Get SALT Encoding   

  12  0:00  Drone  
  13  0:12  Overlord  
  13  0:16  Drone  
  14  0:30  Drone x2  
  16  0:47  Hatchery  
  15  0:50  Drone  
  15  0:53  Drone  
  17  0:57  Drone  
  18  1:06  Extractor  
  17  1:13  Spawning Pool  
  17  1:15  Drone  
  17  1:19  Drone  
  18  1:27  Drone  
  19  1:38  Drone  
  20  1:49  Drone  
  21  2:00  Queen x2  
  21  2:01  Zergling x4  
  27  2:10  Drone, Overlord  
  28  2:27  Hatchery  
  27  2:30  Drone x2  
  27  2:35  Queen  
  31  2:40  Drone x2  
  33  2:44  Metabolic Boost  
  33  2:48  Overlord  
  33  2:54  Drone  
  33  2:55  Drone  
  35  3:02  Zergling x2  
  36  3:07  Zergling x2  
  36  3:08  Drone x2  
  36  3:09  Drone x2  
  36  3:11  Drone  
  42  3:16  Queen  
  44  3:23  Overlord  
  44  3:25  Spore Crawler  
  43  3:30  Drone  
  44  3:40  Drone x3  
  47  3:42  Zergling x4  
  47  3:43  Drone, Queen  
  47  3:44  Drone  
  47  3:47  Drone  
  54  3:50  Drone  
  54  3:51  Drone  
  54  3:52  Drone  
  57  3:57  Drone  
  57  3:59  Spore Crawler  
  57  4:05  Drone, Overlord  
  57  4:10  Spore Crawler, Overlord  
  57  4:14  Zergling x2  
  57  4:18  Overlord  
  57  4:23  Zergling x2  
  57  4:24  Zergling x6  
  61  4:27  Drone x3  
  61  4:28  Drone x3  
  61  4:29  Drone  
  68  4:44  Drone x3  
  69  4:48  Zergling x4  
  69  4:50  Drone x2  
  69  4:51  Drone x2  
  69  4:52  Lair  
  74  4:58  Drone  
  75  5:01  Extractor  
  75  5:03  Drone x2, Extractor, Evolution Chamber  
  75  5:04  Extractor, Queen  
  75  5:05  Extractor  
  75  5:06  Drone  
  75  5:07  Drone x5  
  80  5:16  Drone x3  
  80  5:17  Overlord  
  81  5:31  Zerg Missile Weapons Level 1  
  81  5:34  Overlord  
  80  5:40  Overlord  
  80  5:45  Drone x2  
  80  5:49  Drone x4  
  82  5:50  Hatchery  
  82  5:53  Drone x3  
  82  5:54  Drone x2  
  86  5:57  Extractor, Hydralisk Den  
  86  6:00  Overseer  
  86  6:03  Drone  
  86  6:04  Drone x3  
  88  6:10  Overlord x2  
  88  6:13  Overlord  
  88  6:19  Overlord  
  88  6:22  Drone x4  
  88  6:23  Drone  
  92  6:27  Evolution Chamber  
  92  6:28  Grooved Spines  
  92  6:29  Hydralisk x5, Infestation Pit  
  100  6:38  Drone  
  100  6:39  Drone x4  
  99  6:43  Drone x3  
  102  6:48  Drone x2  
  104  6:56  Hydralisk, Zerg Ground Armor Level 1  
  104  6:57  Hydralisk x2  
  110  7:05  Spore Crawler  
  110  7:06  Hydralisk x3  
  110  7:07  Lurker Den, Hive  
  114  7:14  Hydralisk x5  
  124  7:18  Extractor  
  124  7:19  Extractor  
  121  7:27  Drone  
  121  7:28  Drone x4  
  121  7:29  Drone  
  127  7:35  Zerg Missile Weapons Level 2  
  127  7:38  Hatchery  
  127  7:39  Muscular Augments  
  127  7:42  Overlord x2  
  126  7:47  Overlord  
  126  7:48  Overlord x2  
  126  7:57  Overlord  
  126  8:05  Hydralisk x11  
  143  8:13  Drone x3  
  143  8:14  Drone  
  143  8:15  Lurker  
  143  8:16  Lurker x2  
  143  8:18  Zergling x2  
  143  8:19  Zergling x10  
  156  8:24  Seismic Spines  
  156  8:35  Hydralisk x4  
  156  8:38  Drone x7  
  156  8:41  Overlord  
  171  8:42  Overlord  
  171  8:49  Zergling x10  
  171  8:50  Zergling x6  
  171  8:52  Overlord  
  179  8:55  Overlord  
  179  9:00  Zerg Ground Armor Level 2  
  179  9:09  Spine Crawler  
  178  9:10  Spine Crawler x2  
  178  9:11  Spine Crawler  
  178  9:12  Drone x4  
  178  9:14  Drone x3  
  182  9:18  Extractor  
  182  9:19  Extractor  
  182  9:20  Lurker x5  
  182  9:21  Overseer  
  182  9:24  Pneumatized Carapace  
  185  9:35  Overlord x2  
  185  9:47  Lurker x8  
  185  9:48  Overseer  
  185  9:50  Spore Crawler  
  185  9:52  Spine Crawler  
  191  9:54  Spine Crawler, Adaptive Talons  
  191  9:56  Drone x6  
  191  9:57  Drone x2  
  198  10:00  Overlord x2  
  195  10:15  Overlord  
  195  10:16  Overseer x3  
  195  10:31  Hydralisk x2  
  199  10:45  Hydralisk x2  
  190  10:52  Hydralisk x5  
  195  10:59  Hydralisk x5  
  195  11:02  Zerg Missile Weapons Level 3  
  187  11:06  Hydralisk x11  
  196  11:16  Hydralisk x6  
  196  11:17  Hydralisk  
  196  11:18  Overlord x3  
  190  11:26  Overlord  
  190  11:32  Overlord  
  175  11:51  Hydralisk x15  
  167  12:04  Lurker x4  
  167  12:05  Lurker  
  172  12:12  Hatchery  
  172  12:13  Hydralisk x5  
  181  12:21  Hydralisk x5  
  181  12:22  Hydralisk  
  191  12:27  Overseer  
  191  12:28  Overseer  
  177  12:44  Hydralisk x8  
  177  12:45  Hydralisk x2  
  182  12:55  Hydralisk  
  180  13:04  Hydralisk x3  
  180  13:05  Hydralisk x6  
  168  13:13  Lurker  
  168  13:14  Lurker  
  168  13:15  Lurker  
  168  13:17  Zergling x6, Overlord  
  168  13:18  Overlord  
  162  13:29  Hydralisk x11  
Tags
 
Add a new tag
Caveats
  • Supply blocks, unpowered buildings, or Contaminate may cause inaccurate times.
  • Supply counts are checked every 10 seconds.